 Dungeon Crawl Stone Soup version 0.28-a0-925-gd5e1996cdb (webtiles) character file.

Game seed: 5963601427874714839

142081 bearlyready the Thrower (level 17, -1/135 HPs)
             Began as a Gnoll Hunter on Nov 26, 2021.
             Was an Initiate of Gozag.
             Slain by a polar bear (2 damage)
             ... summoned by a spriggan berserker
             ... on level 4 of the Swamp.
             The game lasted 01:03:31 (30903 turns).

bearlyready the Thrower (Gnoll Hunter)             Turns: 30903, Time: 01:03:31

Health: -1/135     AC: 31    Str: 18    XL:     17   Next: 34%
Magic:  0/32       EV:  8    Int: 11    God:    Gozag
Gold:   8383       SH:  9    Dex: 22    Spells: 37/39 levels left

rFire   + + .      SeeInvis +   P - +7 demon blade (flame)
rCold   + . .      Faith    .   H - +1 buckler of the Equator {rElec rCorr}
rNeg    . . .      Spirit   .   r - +4 gold dragon scales
rPois   +          Reflect  .   X - +1 helmet
rElec   +          Harm     .   I - +0 cloak
rCorr   +          Rampage  .   z - +2 pair of gloves
Will    +....                   R - +0 pair of boots
Stlth   ..........              w - amulet of regeneration
HPRegen 1.12/turn               S - ring of the Lotus Blossom {rCorr SInv}
MPRegen 0.23/turn               D - ring "Cuacsaoc" {rF+ Dex+9}

@: about to teleport
A: fangs 1, strong nose, distributed training
a: Renounce Religion, Potion Petition, Call Merchant, Bribe Branch


You were on level 4 of the Swamp.
You worshipped Gozag.
Gozag was greatly pleased with you.
You visited 5 branches of the dungeon, and saw 28 of its levels.
You also visited: Volcano.

You collected 9558 gold pieces.
You spent 1058 gold pieces at shops.
You paid 117 gold pieces to Gozag.

Inventory:

Hand Weapons
 v - a +0 hand crossbow of flaming
 P - a +7 demon blade of flaming (weapon)
Missiles
 c - 15 javelins
 m - 34 boomerangs (quivered)
 B - 230 bolts
 J - 95 poisoned darts
 K - 5 throwing nets
 N - 2 silver boomerangs
Armour
 d - a +2 kite shield of poison resistance
 r - +4 gold dragon scales (worn)
 z - a +2 pair of gloves (worn)
 H - the +1 buckler of the Equator (worn) {rElec rCorr}
   (You found it on level 5 of the Dungeon)

   rElec:     It insulates you from electricity.
   rCorr:     It protects you from acid and corrosion.
 I - a +0 cloak (worn)
 R - a +0 pair of boots (worn)
 X - a +1 helmet (worn)
Jewellery
 g - an amulet of magic regeneration
 i - a ring of protection from cold
 l - a ring of flight
 w - an amulet of regeneration (around neck)
 D - the ring "Cuacsaoc" (right hand) {rF+ Dex+9}
   (You found it on level 4 of the Lair of Beasts)

   [ring of protection from fire]

   Dex:       It affects your dexterity (+9).
   rF:        It protects you from fire.
 S - the ring of the Lotus Blossom (left hand) {rCorr SInv}
   (You found it on level 6 of the Lair of Beasts)

   [ring of see invisible]

   SInv:      It lets you see invisible.
   rCorr:     It protects you from acid and corrosion.
 W - the amulet of Incredulity {Acrobat rC- rN++ Regen+ Dex+3}
   (You took it off a wizard on level 15 of the Dungeon)

   [amulet of the acrobat]

   It increases your evasion while moving and waiting.
   Dex:       It affects your dexterity (+3).
   rC:        It makes you vulnerable to cold.
   rN:        It greatly protects you from negative energy.
   Regen:     It increases your rate of health regeneration.
 Z - a +6 ring of strength
Wands
 a - a wand of acid (5)
 f - a wand of paralysis (7)
 h - a wand of polymorph (9)
 n - a wand of charming (9)
 A - a wand of iceblast (5)
 F - a wand of digging (6)
 O - a wand of mindburst (5)
 Y - a wand of flame (101)
Scrolls
 j - 5 scrolls of immolation
 s - 2 scrolls of blinking
 x - 3 scrolls of fog
 E - 8 scrolls of vulnerability
 G - 4 scrolls of summoning
 M - 7 scrolls of magic mapping
 Q - 11 scrolls of teleportation
Potions
 b - 2 potions of mutation {unknown}
 e - 8 potions of haste
 k - 7 potions of might
 o - 3 potions of cancellation
 p - 7 potions of flight
 q - 4 potions of berserk rage
 t - 4 potions of invisibility
 u - 3 potions of ambrosia
 y - 4 potions of lignification {unknown}
 C - 4 potions of magic
 L - 5 potions of attraction
 T - 4 potions of brilliance {unknown}
 U - a potion of resistance {unknown}
 V - 5 potions of curing


   Skills:
 + Level 12.4 Fighting
 + Level 11.6 Short Blades
 + Level 11.6 Long Blades
 + Level 11.6 Axes
 + Level 11.6 Maces & Flails
 + Level 11.6 Polearms
 + Level 11.6 Staves
 + Level 11.6 Slings
 + Level 11.6 Bows
 + Level 11.6 Crossbows
 + Level 14.2 Throwing
 + Level 11.6 Armour
 + Level 12.4 Dodging
 + Level 11.8 Stealth
 + Level 11.6 Shields
 + Level 11.6 Unarmed Combat
 + Level 11.6 Spellcasting
 + Level 9.8 Conjurations
 + Level 9.8 Hexes
 + Level 9.8 Summonings
 + Level 9.8 Necromancy
 + Level 9.8 Translocations
 + Level 9.8 Transmutations
 + Level 9.8 Fire Magic
 + Level 9.8 Ice Magic
 + Level 9.8 Air Magic
 + Level 9.8 Earth Magic
 + Level 9.8 Poison Magic
 + Level 12.6 Invocations
 + Level 11.6 Evocations


You had 37 spell levels left.
You knew the following spells:

 Your Spells              Type           Power      Damage    Failure   Level
a - Blink                 Tloc           56%        N/A       36%         2

Your spell library contained the following spells:

 Spells                   Type           Power      Damage    Failure   Level
 Magic Dart               Conj           100%       1d8       24%         1
 Slow                     Hex            100%       N/A       24%         1
 Sting                    Tmut/Pois      100%       1d8       24%         1
 Call Imp                 Summ           28%        N/A       36%         2
 Corpse Rot               Necr/Air       56%        N/A       36%         2
 Poisonous Vapours        Pois/Air       56%        N/A       36%         2
 Static Discharge         Conj/Air       28%        N/A       36%         2
 Call Canine Familiar     Summ           28%        N/A       58%         3
 Confusing Touch          Hex            28%        N/A       58%         3
 Gell's Gravitas          Tloc           28%        N/A       58%         3
 Inner Flame              Hex/Fire       28%        N/A       58%         3
 Lesser Beckoning         Tloc           28%        N/A       58%         3
 Mephitic Cloud           Conj/Pois/Air  28%        N/A       58%         3
 Ozocubu's Armour         Ice            28%        N/A       58%         3
 Portal Projectile        Hex/Tloc       56%        N/A       58%         3
 Teleport Other           Tloc           28%        N/A       58%         3
 Vampiric Draining        Necr           28%        2d8       58%         3
 Cause Fear               Hex            14%        N/A       94%         4
 Fulminant Prism          Conj/Hex       14%        3d9       94%         4
 Iskenderun's Mystic Bla  Conj/Tloc      28%        2d7       94%         4
 Leda's Liquefaction      Hex/Erth       14%        N/A       94%         4
 Olgreb's Toxic Radiance  Pois           28%        N/A       94%         4
 Petrify                  Tmut/Erth      28%        N/A       94%         4
 Lee's Rapid Deconstruct  Erth           14%        3d10*     100%        5
 Lightning Bolt           Conj/Air       14%        1d27      100%        5
 Manifold Assault         Tloc           28%        N/A       100%        5
 Metabolic Englaciation   Hex/Ice        14%        N/A       100%        5
 Conjure Ball Lightning   Conj/Air       14%        3x3d6     100%        6
 Dispersal                Tloc           14%        N/A       100%        6
 Simulacrum               Ice/Necr       14%        N/A       100%        6
 Statue Form              Tmut/Erth      18%        N/A       100%        6
 Ozocubu's Refrigeration  Ice            14%        4d7       100%        7
 Storm Form               Tmut/Air       14%        N/A       100%        7
 Discord                  Hex            14%        N/A       100%        8
 Maxwell's Capacitive Co  Air            14%        ∞         100%        8
 Chain Lightning          Conj/Air       14%        3d18      100%        9
 Fire Storm               Conj/Fire      14%        8d4       100%        9
 Shatter                  Erth           14%        3d14*     100%        9


Dungeon Overview and Level Annotations

Branches:
Dungeon (15/15)            Temple (1/1) D:6            Lair (6/6) D:8
  Swamp (4/4) Lair:4        Snake (0/4) Lair:3        Slime (0/5) Lair:6
    Orc (2/2) D:9             Elf (0/3) Orc:2        Vaults (0/5) D:13
 Depths (0/4) D:15        Volcano (visited)

Altars:
Ashenzari
Cheibriados
Dithmenos
Elyvilon
Fedhas
Gozag
Hepliaklqana
Kikubaaqudgha
Makhleb
Nemelex Xobeh
Okawaru
Qazlal
Ru
Sif Muna
Trog
Uskayaw
Vehumet
Wu Jian
Xom
Yredelemnul
Zin
The Shining One
Jiyva

Shops:
D:2 =(*   D:4 [   D:8 ?   Orc:2 [*(=

Annotations:
D:13 Hazorath's ghost, adept MfGl
Lair:1 2 transporters, exclusion: oklob plant, horus123's ghost, journeyman DEIE
Swamp:4 3 runed translucent doors, Imidiu's ghost, adept GrEE


Innate Abilities, Weirdness & Mutations

You have very sharp teeth.
Your uncanny sense of smell can sniff out nearby items.
Your experience applies equally to all skills.


Message History

A spriggan berserker is nearby!
A spriggan berserker is nearby!
You enter the shallow water.
Moving in this stuff is going to be slow.
The spriggan berserker shouts!
The spriggan berserker utters an invocation to Trog.
The polar bear goes berserk!
The spriggan berserker utters an invocation to Trog.
The spriggan berserker goes berserk!
You enter the shallow water.
Moving in this stuff is going to be slow.
An alligator comes into view.
The polar bear bites you but does no damage.
You block the polar bear's attack.
The polar bear claws you but does no damage.
The spriggan berserker hits you with a +2 antimagic rapier!!
You feel your power leaking away. The polar bear bites you!!
The polar bear barely misses you. You block the polar bear's attack.
The spriggan berserker hits you with a +2 antimagic rapier!
You feel your power leaking away.
You are too injured to fight recklessly!
Okay, then.
The polar bear closely misses you. x2; The polar bear misses you.
You block the spriggan berserker's attack.
Okay, then.
As you read the scroll of teleportation, it crumbles to dust.
You feel strangely unstable. The polar bear bites you!
The polar bear barely misses you. You block the polar bear's attack.
The spriggan berserker hits you with a +2 antimagic rapier!!
* * * LOW HITPOINT WARNING * * *
You feel your power leaking away.
The spriggan berserker hits you with a +2 antimagic rapier!!
* * * LOW HITPOINT WARNING * * *
You feel your power leaking away. The polar bear bites you!!
* * * LOW HITPOINT WARNING * * *
The polar bear claws you.
You die...
Your body crumbles into a pile of gold.

≈≈.≈♣♣♣ ♣♣..♣♣≈≈....♣♣
≈≈.♣♣♣♣♣♣♣♣♣♣♣ ♣♣≈...........♣
≈.♣.≈≈.♣♣≈≈≈≈♣♣ ♣≈≈..♣$≈.k.≈≈♣♣
|≈♣♣.≈≈♣♣.§≈≈≈♣ ♣♣≈...≈..≈...♣♣≈
...≈≈≈≈≈.≈≈≈≈≈♣ ♣≈≈≈.≈...≈≈.♣...
♣♣..♣♣≈...≈≈≈≈♣ ♣♣≈...≈...≈.k≈.≈≈
♣♣≈≈.♣♣..♣.§≈.♣ ♣.≈.≈.≈(.≈≈...=.≈
♣♣≈≈§.♣♣♣♣≈.≈≈♣♣♣i.≈..♣≈...≈.≈≈..
♣♣..<..♣ ♣♣♣≈..≈@h.♣.♣♣♣t.k.§≈§..
≈♣♣♣♣♣♣♣ ♣♣§..≈t♣♣♣.♣D≈...≈≈≈≈.
≈≈♣ ♣≈...♣♣♣♣≈.....♣♣♣.≈.♣ ≈≈♣
♣≈≈.♣♣ ♣♣D♣.♣♣♣♣♣.≈.. ≈≈♣ ♣♣≈♣♣
♣♣Dn≈.≈♣ ♣≈.### ♣♣ ♣♣♣
♣.iY♣..♣♣♣♣.#.) ♣♣$♣.≈..≈♣♣♣##.
♣♣♣♣..≈≈≈.♣#[. ♣♣♣≈..≈...≈##Z


You could see an alligator, a spriggan berserker (berserk) and a polar bear
(summoned, berserk).

Vanquished Creatures
  Agnes (D:14)
  Kirke (Lair:5)
  A thorn hunter (Swamp:3)
  2 orc warlords
  5 bunyips
  4 eleionomae
  Snorg (D:10)
  2 fire dragons
  Fannar (Orc:1)
  A boulder beetle (D:15)
  18 hydras
  Harold (Orc:1)
  2 centaur warriors
  4 ghost crabs
  Erica (D:8)
  An ogre mage (D:13)
  A catoblepas (Lair:3)
  5 two-headed ogres
  6 alligators
  The ghost of sojurn the Cleaver, a novice MiBe of Trog (D:8)
  A tengu warrior (D:14)
  A death knight (D:14)
  3 orc high priests (Orc:2)
  6 death yaks (Lair:6)
  A vampire mage (D:15)
  18 spriggans
  8 skeletal warriors
  7 goliath frogs
  6 swamp dragons
  2 spriggan druids (Swamp:2)
  6 bog bodies
  A phantasmal warrior (D:14)
  A wizard (D:15)
  6 orc knights
  Pikel (D:5)
  3 lindwurms
  A tengu zombie (D:15)
  5 deep elf pyromancers
  A golden dragon skeleton (D:15)
  5 deep elf zephyrmancers (Orc:1)
  A necromancer (D:15)
  An iron dragon zombie (D:15)
  6 orc sorcerers
  A frost giant zombie (D:15)
  7 ugly things
  2 cyclopes (D:11)
  A manticore (D:13)
  5 will-o-the-wisps
  4 black mambas
  An oklob plant (Lair:3)
  An ice statue (Lair:6)
  11 elephants
  2 molten gargoyles (Volcano)
  A torpor snail (Lair:3)
  Psyche (D:11)
  A gargoyle (D:12)
  9 cane toads
  An unseen horror (D:12)
  2 freezing wraiths
  An ice devil (Lair:6)
  11 rime drakes
  11 komodo dragons
  A yaktaur (D:15)
  2 trolls
  9 tyrant leeches
  8 hornets
  6 polar bears
  11 blink frogs
  27 slime creatures
  10 dream sheep
  3 wyverns
  2 shadows
  4 centaur simulacra (D:13)
  A tarantella (shapeshifter) (D:9)
  4 wraiths
  2 vampires
  33 yaks
  2 fire bats (Volcano)
  3 steam dragons (Volcano)
  4 hogs
  4 basilisks (Lair:3)
  19 vampire mosquitoes
  Edmund (D:6)
  3 nagas (Lair:3)
  7 wargs
  12 swamp worms
  Duvessa (D:7)
  14 water moccasins
  2 sky beasts
  10 ice beasts
  28 orc warriors
  5 black bears
  A hornet zombie (D:6)
  6 swamp drakes
  5 ogres
  27 wolves
  3 boggarts (Lair:6)
  5 centaurs
  A lemure (D:4)
  A phantom (D:6)
  10 bullfrogs
  4 scorpions
  A water moccasin zombie (D:4)
  A wyvern skeleton (D:7)
  Dowan (D:7)
  10 killer bees
  4 howler monkeys
  10 wights
  3 electric eels
  A vampire bat (D:12)
  9 lava snakes
  A centaur zombie (D:9)
  A bullfrog zombie (D:4)
  21 orc priests
  7 jellies
  A hound (D:5)
  3 iguanas
  Terence (D:3)
  27 orc wizards
  5 hell rats (Lair:2)
  6 scorpion zombies
  3 hound zombies (D:4)
  A hound skeleton (D:4)
  Robin (D:3)
  A howler monkey zombie (D:5)
  A gnoll (D:1)
  A howler monkey skeleton (D:7)
  6 adders
  3 river rats (D:4)
  A shadow imp (D:6)
  A white imp (Lair:6)
  2 adder skeletons (D:4)
  An adder zombie (D:4)
  A worm (D:2)
  4 dart slugs
  75 orcs
  5 bat skeletons (D:12)
  A bat zombie (D:12)
  25 endoplasms
  6 giant cockroaches
  15 goblins
  8 hobgoblins
  3 jackals (D:1)
  6 quokkas
  7 ball pythons
  6 bats
  6 frilled lizards
  5 kobolds
  A quokka skeleton (D:4)
  7 rats (D:1)
840 creatures vanquished.

Vanquished Creatures (others)
  An alligator (Swamp:4)
  A bog body (Swamp:4)
  A bloated husk (Swamp:2)
  A steam dragon (Volcano)
  2 orcs (Orc:1)
  2 briar patches (Swamp:3)
  22 foxfires
  50 fungi
  114 plants
  8 withered plants
202 creatures vanquished.

Grand Total: 1042 creatures vanquished

Notes
Turn   | Place    | Note
-------+----------+-------------------------------------------
     0 | D:1      | bearlyready the Gnoll Hunter began the quest for the Orb.
     0 | D:1      | Reached XP level 1. HP: 20/20 MP: 1/1
    67 | D:1      | Reached XP level 2. HP: 6/26 MP: 2/2
    73 | D:1      | HP: 1/26 [rat (2)]
   544 | D:1      | Reached XP level 3. HP: 31/31 MP: 3/3
   867 | D:1      | Reached skill level 1 in Invocations
  1280 | D:2      | Found Kafev's Jewellery Boutique.
  1289 | D:2      | Reached skill level 1 in Short Blades
  1289 | D:2      | Reached skill level 1 in Long Blades
  1289 | D:2      | Reached skill level 1 in Axes
  1289 | D:2      | Reached skill level 1 in Maces & Flails
  1289 | D:2      | Reached skill level 1 in Polearms
  1289 | D:2      | Reached skill level 1 in Staves
  1289 | D:2      | Reached skill level 1 in Slings
  1289 | D:2      | Reached skill level 1 in Bows
  1289 | D:2      | Reached skill level 1 in Crossbows
  1289 | D:2      | Reached skill level 1 in Armour
  1289 | D:2      | Reached skill level 1 in Shields
  1289 | D:2      | Reached skill level 1 in Unarmed Combat
  1289 | D:2      | Reached skill level 1 in Spellcasting
  1289 | D:2      | Reached skill level 1 in Evocations
  1365 | D:2      | Reached XP level 4. HP: 33/38 MP: 5/5
  1470 | D:2      | Found Xiwegaoh's Weapon Shoppe.
  1490 | D:2      | Bought 3 curare-tipped darts for 25 gold pieces
  1520 | D:2      | Found Ufisugg's Assorted Antiques.
  2100 | D:3      | Reached skill level 1 in Conjurations
  2100 | D:3      | Reached skill level 1 in Hexes
  2100 | D:3      | Reached skill level 1 in Summonings
  2100 | D:3      | Reached skill level 1 in Necromancy
  2100 | D:3      | Reached skill level 1 in Translocations
  2100 | D:3      | Reached skill level 1 in Transmutations
  2100 | D:3      | Reached skill level 1 in Fire Magic
  2100 | D:3      | Reached skill level 1 in Ice Magic
  2100 | D:3      | Reached skill level 1 in Air Magic
  2100 | D:3      | Reached skill level 1 in Earth Magic
  2100 | D:3      | Reached skill level 1 in Poison Magic
  2255 | D:3      | Noticed Robin
  2269 | D:3      | Killed Robin
  2407 | D:3      | Reached XP level 5. HP: 36/43 MP: 6/6
  3146 | D:3      | Noticed Terence
  3158 | D:3      | Killed Terence
  3605 | D:4      | Found a white marble altar of Elyvilon.
  3633 | D:4      | Reached XP level 6. HP: 50/50 MP: 8/8
  4092 | D:4      | Reached skill level 5 in Fighting
  4092 | D:4      | Reached skill level 5 in Dodging
  4148 | D:4      | Found a glowing drain.
  4197 | D:4      | Reached XP level 7. HP: 54/56 MP: 10/10
  4455 | D:4      | Reached skill level 9 in Throwing
  4793 | D:4      | Found Moore's Dragon-Slaying Spoils.
  4843 | D:5      | Entered Level 5 of the Dungeon
  5143 | D:4      | Reached XP level 8. HP: 24/63 MP: 12/12
  5420 | D:5      | Identified the +1 buckler of the Equator {rElec rCorr}
  5667 | D:5      | Noticed Pikel
  5743 | D:5      | Killed Pikel
  5820 | D:6      | Reached XP level 9. HP: 54/69 MP: 14/14
  6266 | D:6      | Found a staircase to the Ecumenical Temple.
  6316 | Temple   | Entered the Ecumenical Temple
  6661 | Temple   | Became a worshipper of Gozag Ym Sagoz the Greedy
  6774 | D:6      | Noticed Edmund
  6786 | D:6      | Killed Edmund
  6793 | D:6      | HP: 3/69 [poisoned by Edmund]
  6798 | D:6      | HP: 3/69 [poisoned by Edmund]
  7167 | D:7      | Reached skill level 5 in Stealth
  7315 | D:7      | Noticed Duvessa
  7340 | D:7      | Noticed Dowan
  7348 | D:7      | Killed Duvessa
  7355 | D:7      | Killed Dowan
  7356 | D:7      | Reached skill level 5 in Invocations
  7898 | D:8      | Found a staircase to the Lair.
  7939 | D:8      | Reached XP level 10. HP: 75/77 MP: 17/17
  8083 | D:8      | Reached skill level 5 in Short Blades
  8083 | D:8      | Reached skill level 5 in Long Blades
  8083 | D:8      | Reached skill level 5 in Axes
  8083 | D:8      | Reached skill level 5 in Maces & Flails
  8083 | D:8      | Reached skill level 5 in Polearms
  8083 | D:8      | Reached skill level 5 in Staves
  8083 | D:8      | Reached skill level 5 in Slings
  8083 | D:8      | Reached skill level 5 in Bows
  8083 | D:8      | Reached skill level 5 in Crossbows
  8083 | D:8      | Reached skill level 5 in Armour
  8083 | D:8      | Reached skill level 5 in Shields
  8083 | D:8      | Reached skill level 5 in Unarmed Combat
  8083 | D:8      | Reached skill level 5 in Spellcasting
  8083 | D:8      | Reached skill level 5 in Evocations
  8195 | D:8      | Found a runed translucent door.
  8195 | D:8      | Noticed Erica
  8230 | D:8      | Killed Erica
  8231 | D:8      | Reached skill level 10 in Throwing
  8248 | D:8      | Noticed sojurn's ghost (novice MiBe)
  8461 | D:8      | Found Diopsa's Magic Scroll Shoppe.
  8489 | D:8      | Bought a scroll of enchant armour for 120 gold pieces
  8489 | D:8      | Bought a scroll of teleportation for 48 gold pieces
  8489 | D:8      | Bought a scroll of teleportation for 48 gold pieces
  8489 | D:8      | Bought a scroll of enchant weapon for 120 gold pieces
  8489 | D:8      | Bought a scroll of identify for 32 gold pieces
  8489 | D:8      | Bought a scroll of identify for 32 gold pieces
  8489 | D:8      | Bought a scroll of identify for 32 gold pieces
  8489 | D:8      | Bought a scroll of identify for 32 gold pieces
  8489 | D:8      | Bought a scroll of identify for 32 gold pieces
  8489 | D:8      | Bought a scroll of magic mapping for 56 gold pieces
  9247 | D:9      | Reached XP level 11. HP: 75/84 MP: 19/19
  9386 | D:9      | Reached skill level 5 in Conjurations
  9386 | D:9      | Reached skill level 5 in Hexes
  9386 | D:9      | Reached skill level 5 in Summonings
  9386 | D:9      | Reached skill level 5 in Necromancy
  9386 | D:9      | Reached skill level 5 in Translocations
  9386 | D:9      | Reached skill level 5 in Transmutations
  9386 | D:9      | Reached skill level 5 in Fire Magic
  9386 | D:9      | Reached skill level 5 in Ice Magic
  9386 | D:9      | Reached skill level 5 in Air Magic
  9386 | D:9      | Reached skill level 5 in Earth Magic
  9386 | D:9      | Reached skill level 5 in Poison Magic
  9649 | D:9      | Found a staircase to the Orcish Mines.
 10103 | D:10     | Entered Level 10 of the Dungeon
 10401 | D:10     | Noticed a two-headed ogre
 10418 | D:10     | Killed a two-headed ogre
 10734 | D:10     | Noticed Snorg
 10750 | D:10     | Killed Snorg
 11073 | D:10     | Noticed a skeletal warrior
 11112 | D:10     | Killed a skeletal warrior
 11352 | D:11     | Noticed a cyclops
 11353 | D:11     | Noticed a two-headed ogre
 11360 | D:11     | Killed a cyclops
 11363 | D:11     | Killed a two-headed ogre
 11379 | D:11     | Noticed an eight-headed hydra
 11384 | D:11     | Killed an eight-headed hydra
 11592 | D:11     | Got Sif Muna's Tome of the Traveller and Weightlessness
 11667 | D:11     | Noticed Psyche
 11680 | D:11     | Killed Psyche
 11823 | D:11     | Noticed a two-headed ogre
 11839 | D:11     | Killed a two-headed ogre
 11840 | D:11     | Reached skill level 11 in Throwing
 11840 | D:11     | Reached XP level 12. HP: 94/94 MP: 22/22
 12745 | D:13     | Noticed a centaur warrior
 12755 | D:13     | Killed a centaur warrior
 12913 | D:13     | Noticed an eight-headed hydra
 12919 | D:13     | Killed an eight-headed hydra
 12929 | D:13     | Noticed an eight-headed hydra
 12937 | D:13     | Killed an eight-headed hydra
 13090 | D:13     | Noticed a two-headed ogre
 13090 | D:13     | Noticed a two-headed ogre
 13092 | D:13     | Noticed an ogre mage
 13107 | D:13     | Killed a two-headed ogre
 13107 | D:13     | Killed a two-headed ogre
 13107 | D:13     | Killed an ogre mage
 13108 | D:13     | Reached XP level 13. HP: 101/101 MP: 24/24
 13126 | D:13     | Found a gate to the Vaults.
 13194 | D:13     | Noticed Hazorath's ghost (adept MfGl)
 13218 | D:13     | Found a runed translucent gate.
 13218 | D:13     | Found a runed translucent gate.
 13218 | D:13     | Found a runed translucent gate.
 13528 | D:13     | You are sucked into a shaft and drop 2 floors!
 13528 | D:15     | Entered Level 15 of the Dungeon
 13528 | D:15     | Noticed a fire dragon
 13549 | D:15     | Killed a fire dragon
 13876 | D:14     | Noticed Agnes
 13882 | D:14     | Killed Agnes
 14109 | Lair:1   | Entered Level 1 of the Lair of Beasts
 14430 | Lair:1   | Found a transporter.
 14434 | Lair:1   | Noticed horus123's ghost (journeyman DEIE)
 14446 | Lair:1   | Found a transporter.
 16370 | Lair:4   | Reached skill level 12 in Throwing
 16586 | Lair:4   | Found a dark tunnel.
 16597 | Volcano  | Entered a volcano
 16909 | Volcano  | Found a burning altar of Makhleb.
 16998 | Volcano  | Noticed a fire dragon
 17022 | Volcano  | Killed a fire dragon
 17305 | Lair:4   | Reached skill level 10 in Fighting
 17305 | Lair:4   | Reached skill level 10 in Dodging
 17350 | Lair:4   | Learned a level 2 spell: Blink
 17362 | Lair:4   | Reached XP level 14. HP: 90/110 MP: 26/26
 17503 | Lair:4   | Found a staircase to the Swamp.
 17581 | Lair:4   | Identified the ring "Cuacsaoc" {rF+ Dex+9}
 18441 | Lair:5   | Noticed Kirke
 18649 | Lair:5   | Killed Kirke
 18761 | Lair:6   | Entered Level 6 of the Lair of Beasts
 18807 | Lair:6   | Reached skill level 10 in Invocations
 19262 | Lair:6   | Found a staircase to the Slime Pits.
 19262 | Lair:6   | Found a viscous altar of Jiyva.
 19774 | Lair:6   | Reached skill level 10 in Stealth
 19992 | Lair:6   | Reached XP level 15. HP: 117/117 MP: 28/28
 20970 | Lair:6   | Identified the ring of the Lotus Blossom {rCorr SInv}
 20987 | Lair:6   | Identified the +4 trident of Courage {vorpal, rElec rF- rC-
                  | Dex+7}
 21499 | Lair:3   | Reached skill level 10 in Short Blades
 21499 | Lair:3   | Reached skill level 10 in Long Blades
 21499 | Lair:3   | Reached skill level 10 in Axes
 21499 | Lair:3   | Reached skill level 10 in Maces & Flails
 21499 | Lair:3   | Reached skill level 10 in Polearms
 21499 | Lair:3   | Reached skill level 10 in Staves
 21499 | Lair:3   | Reached skill level 10 in Slings
 21499 | Lair:3   | Reached skill level 10 in Bows
 21499 | Lair:3   | Reached skill level 10 in Crossbows
 21499 | Lair:3   | Reached skill level 10 in Armour
 21499 | Lair:3   | Reached skill level 10 in Shields
 21499 | Lair:3   | Reached skill level 10 in Unarmed Combat
 21499 | Lair:3   | Reached skill level 10 in Spellcasting
 21499 | Lair:3   | Reached skill level 10 in Evocations
 21617 | Lair:3   | Found a staircase to the Snake Pit.
 21700 | Lair:3   | Reached skill level 13 in Throwing
 22047 | D:8      | Killed sojurn's ghost
 22236 | D:13     | You fall into a shaft and drop 1 floor!
 23346 | D:15     | Found a staircase to the Depths.
 24235 | D:15     | Identified the amulet of Incredulity {Acrobat rC- rN++
                  | Regen+ Dex+3}
 24615 | D:12     | Found an ancient bone altar of Kikubaaqudgha.
 24752 | Orc:1    | Entered Level 1 of the Orcish Mines
 24757 | Orc:1    | Paralysed by an orc sorcerer for 6 turns
 24878 | Orc:1    | Noticed Fannar
 24887 | Orc:1    | Killed Fannar
 24982 | Orc:1    | Reached XP level 16. HP: 120/126 MP: 30/30
 25434 | Orc:1    | Noticed Harold
 25444 | Orc:1    | Killed Harold
 25499 | Orc:2    | Entered Level 2 of the Orcish Mines
 25503 | Orc:2    | Found a staircase to the Elven Halls.
 26771 | Orc:2    | Found Zimulite's General Store.
 26772 | Orc:2    | Found Arun's Jewellery Shoppe.
 26774 | Orc:2    | Found Toysuw's Antique Armour Emporium.
 26774 | Orc:2    | Found Feilick's Antique Weapon Emporium.
 26789 | Orc:2    | Bought a scroll of teleportation for 39 gold pieces
 26789 | Orc:2    | Bought a scroll of blinking for 97 gold pieces
 26800 | Orc:2    | Bought a pair of runed gloves for 165 gold pieces
 27052 | Swamp:1  | Entered Level 1 of the Swamp
 27239 | D:2      | Bought a scroll of enchant armour for 180 gold pieces
 27928 | Swamp:1  | Identified the +2 scale mail of Qigi Foe {rPois rC- MP+9}
 29226 | Swamp:3  | Noticed a thorn hunter
 29254 | Swamp:3  | Killed a thorn hunter
 29269 | Swamp:3  | Reached XP level 17. HP: 59/133 MP: 32/32
 29450 | Swamp:3  | Reached skill level 14 in Throwing
 29812 | Swamp:4  | Entered Level 4 of the Swamp
 30259 | Swamp:4  | Found a runed translucent gate.
 30259 | Swamp:4  | Found a runed translucent gate.
 30259 | Swamp:4  | Found a runed translucent gate.
 30278 | Swamp:4  | Noticed Imidiu's ghost (adept GrEE)
 30439 | Swamp:4  | HP: 6/135 [bog body (8)]
 30903 | Swamp:4  | HP: 1/135 [polar bear[a spriggan berserker] (21)]
 30903 | Swamp:4  | Slain by a polar bear

Illustrated notes

Levels and vault maps discovered:
D:1:      roderic_crop_circles_arrival_small, layout_basic,
          nicolae_grassy_gnolls
D:2:      layout_basic, serial_shops, shop,
          nicolae_shop_temple_entry_statues_fountains,
          nicolae_shop_window_shopping, nicolae_concentric_dashed_squares_mild
D:3:      layout_basic, uniq_terence, uniq_robin
D:4:      layout_basic, lemuel_doored_altar, serial_undead, serial_undead_a,
          serial_undead_d, serial_undead_a, serial_undead_d,
          portal_sewer_entry_a, hangedman_decor_slide_cut,
          nicolae_shop_dragon_depot
D:5:      layout_loops_cross, uniq_pikel
D:6:      layout_basic, minmay_temple_entry_steel_oval,
          kennysheep_generic_room_13, uniq_edmund
D:7:      layout_basic, uniq_duvessa
D:8:      layout_loops_ring, lair_entry_dummy, serial_shops, shop,
          gammafunk_ghost_grave, uniq_erica
D:9:      layout_basic, minmay_orc_entry_guard_dogs
D:10:     layout_loops_corners, lightli_fourway_metalbox, uniq_snorg
D:11:     layout_rooms, uniq_psyche
D:12:     layout_rooms, kennysheep_vampire_church
D:13:     layout_long_grid, david_vaults_2, gammafunk_ghost_icy
D:14:     layout_stronghold, grunt_decor_clamped, uniq_agnes
D:15:     gammafunk_depths_entry_grave, layout_stronghold
Temple:   mainiacjoe_temple_circle_huts
Lair:1:   layout_cave_pods, nzn_ghost_randoct
Lair:2:   layout_chaotic_city, serial_bayou_shore_a
Lair:3:   lemuel_slime, layout_long_grid, minmay_snake_entry_guardpost_medium,
          minmay_shattered_shrine
Lair:4:   layout_roguey, minmay_swamp_entry_swarm, nicolae_volcano_entry_s_turn,
          minmay_lair_drake_nest, grunt_megastairs_1, lemuel_fruit_fields
Lair:5:   layout_gridlike, uniq_kirke
Lair:6:   minmay_lair_end_enchanted_forest, layout_regular_city, slime_altar_1,
          ice2_lemuel, serial_bayou_shore_b
Swamp:1:  layout_basic_swamp, serial_swamp_ruin, evilmike_swamp_ruin_house_4,
          evilmike_swamp_ruin_rubble_2, evilmike_swamp_ruin_house_5
Swamp:2:  layout_basic_swamp, infiniplex_staircase_pool
Swamp:3:  layout_basic_swamp, evilmike_swamp_ruin_rubble_1
Swamp:4:  swamp_basic_johnstein, layout_basic_swamp, gammafunk_ghost_necromancy,
          swamp_pool4
Orc:1:    cheibrodos_orc_arena, layout_diamond_mine,
          nicolae_orc_flooded_monolith, elves_outpost_lemuel, uniq_harold,
          uniq_fannar
Orc:2:    st_orc_congregation, layout_caves

Skill      XL: |  1  2  3  4  5  6  7  8  9 10 11 12 13 14 15 16 17 |
---------------+----------------------------------------------------+-----
Invocations    | 1 2 3 4 5 6 7 8 9 10 11 12 | 12.6
Short Blades   | 1 2 3 4 5 6 7 8 9 10 11 | 11.6
Long Blades    | 1 2 3 4 5 6 7 8 9 10 11 | 11.6
Axes           | 1 2 3 4 5 6 7 8 9 10 11 | 11.6
Maces & Flails | 1 2 3 4 5 6 7 8 9 10 11 | 11.6
Polearms       | 1 2 3 4 5 6 7 8 9 10 11 | 11.6
Staves         | 1 2 3 4 5 6 7 8 9 10 11 | 11.6
Slings         | 1 2 3 4 5 6 7 8 9 10 11 | 11.6
Bows           | 1 2 3 4 5 6 7 8 9 10 11 | 11.6
Crossbows      | 1 2 3 4 5 6 7 8 9 10 11 | 11.6
Armour         | 1 2 3 4 5 6 7 8 9 10 11 | 11.6
Shields        | 1 2 3 4 5 6 7 8 9 10 11 | 11.6
Unarmed Combat | 1 2 3 4 5 6 7 8 9 10 11 | 11.6
Spellcasting   | 1 2 3 4 5 6 7 8 9 10 11 | 11.6
Evocations     | 1 2 3 4 5 6 7 8 9 10 11 | 11.6
Conjurations   | 1 2 3 4 5 6 7 8 9 |  9.8
Hexes          | 1 2 3 4 5 6 7 8 9 |  9.8
Summonings     | 1 2 3 4 5 6 7 8 9 |  9.8
Necromancy     | 1 2 3 4 5 6 7 8 9 |  9.8
Translocations | 1 2 3 4 5 6 7 8 9 |  9.8
Transmutations | 1 2 3 4 5 6 7 8 9 |  9.8
Fire Magic     | 1 2 3 4 5 6 7 8 9 |  9.8
Ice Magic      | 1 2 3 4 5 6 7 8 9 |  9.8
Air Magic      | 1 2 3 4 5 6 7 8 9 |  9.8
Earth Magic    | 1 2 3 4 5 6 7 8 9 |  9.8
Poison Magic   | 1 2 3 4 5 6 7 8 9 |  9.8
Stealth        | 3 4 5 6 7 8 9 10 11 | 11.8
Fighting       | 5 6 7 8 9 10 11 12 | 12.4
Dodging        | 5 6 7 8 9 10 11 12 | 12.4
Throwing       | 9 10 11 12 13 14 | 14.2

Action                   |  1- 3 |  4- 6 |  7- 9 | 10-12 | 13-15 | 16-18 || total
-------------------------+-------+-------+-------+-------+-------+-------++-------
Melee: Short sword       |    90 |   141 |   345 |   626 |   609 |       ||  1811
       Bite              |     9 |    30 |    37 |    74 |   288 |   147 ||   585
       Dagger            |    39 |    71 |       |       |       |       ||   110
       Punch             |       |     2 |     1 |       |       |       ||     3
       Morningstar       |       |       |       |       |    48 |       ||    48
       Demon blade       |       |       |       |       |  1162 |   781 ||  1943
 Fire: Hunting sling     |       |     4 |       |    23 |       |       ||    27
Throw: Javelin           |     4 |       |    13 |    78 |    37 |    16 ||   148
       Throwing net      |     1 |       |       |     4 |     1 |       ||     6
       Dart              |       |     1 |     1 |    17 |    22 |    13 ||    54
       Boomerang         |       |       |     7 |    14 |    36 |    47 ||   104
Evoke: Wand              |       |       |     3 |     6 |    33 |    27 ||    69
  Use: Scroll            |       |     3 |     4 |    11 |    18 |    10 ||    46
       Potion            |       |       |       |     1 |     2 |     2 ||     5
 Stab: Sleeping          |     1 |     7 |     6 |     5 |    11 |       ||    30
       Distracted        |       |       |     1 |     1 |     7 |     7 ||    16
       Held in net/web   |       |       |       |     4 |       |       ||     4
       Confused          |       |       |       |       |       |     1 ||     1
Armor: Leather armour    |    32 |    45 |    23 |       |       |       ||   100
       Scale mail        |       |       |    69 |   149 |   185 |       ||   403
       Gold dragon scale |       |       |       |       |   602 |   478 ||  1080
Dodge: Dodged            |    74 |   136 |   160 |   303 |   798 |   303 ||  1774
Block: Buckler           |       |       |    53 |   148 |   564 |   311 ||  1076

Table legend: (Time is in decaauts)
 A = Elapsed time spent in this place.
 B = Non-inter-level travel time spent in this place.
 C = Inter-level travel time spent in this place.
 D = Time resting spent in this place.
 E = Time spent auto-exploring this place.
 F = Levels seen in this place.
 G = Mean time per level.
                   A        B        C        D        E       F      G
               +--------+--------+--------+--------+--------+-----+--------+
         Total |  30569 |  28424 |   2145 |   1801 |  18370 |  29 | 1054.1 |
       Dungeon |  16676 |  15248 |   1428 |    900 |  10376 |  15 | 1111.7 |
        Temple |    367 |    320 |     47 |      0 |    297 |   1 |  367.0 |
          Lair |   7231 |   6758 |    473 |    132 |   4241 |   6 | 1205.2 |
         Swamp |   3614 |   3572 |     42 |    496 |   2153 |   4 |  903.5 |
  Orcish Mines |   2079 |   1926 |    153 |    135 |   1104 |   2 | 1039.5 |
       Volcano |    600 |    600 |      0 |    138 |    197 |   1 |  600.0 |
               +--------+--------+--------+--------+--------+-----+--------+

Top non-repeatable levels by time:
  Lair:6: 2193 daAuts
     D:4: 1475 daAuts
    D:15: 1301 daAuts
    D:10: 1291 daAuts
     D:1: 1279 daAuts
     D:3: 1270 daAuts
     D:8: 1240 daAuts
    D:14: 1235 daAuts
     D:9: 1163 daAuts
  Lair:4: 1136 daAuts
  Lair:3: 1132 daAuts
  Lair:1: 1113 daAuts
   Orc:1: 1103 daAuts
     D:2: 1079 daAuts
    D:13: 1053 daAuts
